 Dungeon Crawl Stone Soup version 0.20.1-1-g8b1a95d (webtiles) character file.

47180 Mesmaeker13 the Protected (level 14, -1/133 HPs)
             Began as a Deep Dwarf Fighter on Aug 12, 2017.
             Was a Priest of Elyvilon.
             Slain by an orc warrior
             ... wielding a +0 halberd
             ... led by an orc knight
              (25 damage)
             ... on level 1 of the Orcish Mines.
             The game lasted 00:40:55 (15708 turns).

Mesmaeker13 the Protected (Deep Dwarf Fighter)     Turns: 15708, Time: 00:40:55

Health: -1/133     AC: 23    Str: 25    XL:     14   Next: 7%
Magic:  5/5        EV:  7    Int: 10    God:    Elyvilon [***...]
Gold:   1282       SH: 19    Dex: 14    Spells: 13/13 levels left

rFire    + . .     SeeInvis .   q - +5 broad axe (antimagic)
rCold    + . .     Gourm    .   r - +2 shield
rNeg     + . .     Faith    .   z - +0 plate armour
rPois    .         Spirit   .   J - +1 helmet
rElec    .         Reflect  +   (no cloak)
rCorr    .         Harm     .   D - +2 pair of gloves {Str+3}
MR       ++...                  S - +0 pair of boots
Stlth    ..........             O - +4 amulet of reflection
Regen    0.0/turn               M - ring of protection from fire
MPRegen  0.1/turn               H - ring of protection from cold

@: non-regenerating
A: damage resistance, heal wounds, negative energy resistance 1, sense
surroundings 2, no regeneration
a: Heal Wounds, Lesser Healing, Heal Other, Purification, Divine Protection,
Renounce Religion


You were on level 1 of the Orcish Mines.
You worshipped Elyvilon.
Elyvilon was most pleased with you.
You were not hungry.

You visited 4 branches of the dungeon, and saw 19 of its levels.

You collected 1468 gold pieces.
You spent 186 gold pieces at shops.

Inventory:

Hand Weapons
 q - a +5 antimagic broad axe (weapon)
 P - a +1 hand axe of flaming
Missiles
 g - 7 poisoned javelins (quivered)
 L - 5 tomahawks
Armour
 r - a +2 shield (worn)
 z - a +0 plate armour (worn)
 D - a +2 pair of gloves of strength (worn)
 J - a +1 helmet (worn)
 S - a +0 pair of boots (worn)
Jewellery
 E - a +3 ring of strength
 H - a ring of protection from cold (right hand)
 M - a ring of protection from fire (left hand)
 O - a +4 amulet of reflection (around neck)
Wands
 b - a wand of paralysis (1/24)
 n - a wand of digging (5/24)
 o - a wand of acid (11/15)
 C - a wand of paralysis (4/24)
 K - a wand of confusion (3/48)
 U - a wand of acid (6/15)
Scrolls
 m - 6 scrolls of remove curse
 p - 6 scrolls of teleportation
 u - 6 scrolls of blinking
 y - 2 scrolls of fog
 A - 2 scrolls of magic mapping
 G - 2 scrolls of summoning
 I - a scroll of noise {unknown}
 N - a scroll of brand weapon {unknown}
 R - a scroll of identify
Potions
 a - a potion of ambrosia {unknown}
 d - a potion of might
 e - 2 potions of brilliance
 h - 2 potions of agility
 i - 10 potions of flight
 j - 4 potions of heal wounds
 s - 5 potions of curing
 t - a potion of cancellation {unknown}
 v - 2 potions of berserk rage {unknown}
 x - 2 potions of invisibility {unknown}
 B - 2 potions of degeneration {unknown}
 F - 4 potions of haste {unknown}
 T - a potion of resistance {unknown}
Books
 k - a book of Misfortune

   Spells                             Type                      Level
   a - Confusing Touch                Hexes                        1
   b - Confuse                        Hexes                        3
   c - Gell's Gravitas                Translocation                3
   d - Petrify                        Transmutation/Earth          4
   e - Metabolic Englaciation         Hexes/Ice                    5
   f - Yara's Violent Unravelling     Hexes/Transmutation          5
Comestibles
 f - 4 bread rations
 l - 16 meat rations
 w - 10 royal jellies
 Q - 12 fruits


   Skills:
 + Level 10.6 Fighting
 + Level 12.3 Axes
 + Level 12.5 Armour
 + Level 12.3 Shields
 + Level 12.2 Invocations
 + Level 7.4 Evocations


You had 13 spell levels left.
You didn't know any spells.

Dungeon Overview and Level Annotations

Branches:
Dungeon (11/15)            Temple (1/1) D:7            Lair (6/6) D:8
  Swamp (0/4) Lair:2       Spider (0/4) Lair:4        Slime (0/5) Lair:5
    Orc (1/2) D:10

Altars:
Ashenzari
Cheibriados
Dithmenos
Elyvilon
Fedhas
Gozag
Hepliaklqana
Kikubaaqudgha
Makhleb
Nemelex Xobeh
Okawaru
Qazlal
Ru
Sif Muna
Trog
Uskayaw
Vehumet
Xom
Yredelemnul
Zin
The Shining One
Beogh
Jiyva

Shops:
D:6 (   D:7 ??

Annotations:
Lair:3 exclusion: ice statue


Innate Abilities, Weirdness & Mutations

You are resistant to damage.
You can heal yourself by infusing magical energy.
You resist negative energy. (rN+)
You passively map the area around you.
You do not regenerate.


Message History

You block the orc's attack.
The orc knight hits you from afar with a bardiche!
* * * LOW HITPOINT WARNING * * *
The orc warrior hits you with a halberd!
* * * LOW HITPOINT WARNING * * *
Things that are here:
a trident; a leather armour You block the orc knight's attack.
You hit the orc knight but do no damage.
You hit the orc.
You kill the orc!
You slash the orc warrior!
The orc warrior hits you but does no damage.
You closely miss the orc knight. You barely miss the orc warrior.
You block the orc warrior's attack. You block the orc knight's attack.
You slash the orc knight!
The orc knight is lightly wounded.
You hit the orc warrior.
The orc warrior hits you with a halberd!!
You die...

....#.##..........#..#....##.....
.....).).........)...##.####.....
##.##)#).#.#...#.>...#...###.....
#####.........#...........##....
##.......#......#.....))...#
#............)##..#..##.###
##........)#)##....######
##.......o.o##....##
#.....#..)@..##.###
##.###........### #####.......##
#......##.## ##.........#
###.#....## ###..#.## ##......#
##.#.##.##


You could see an orc knight and an orc warrior.

Vanquished Creatures
  Rupert (Lair:6)
  7 hydras
  2 two-headed ogres
  Urug (Lair:5)
  5 skeletal warriors (D:11)
  2 orc knights (Orc:1)
  An orc sorcerer (Orc:1)
  A torpor snail (Lair:6)
  4 black mambas
  11 spiny frogs
  A rime drake (Lair:5)
  7 komodo dragons
  2 trolls (Orc:1)
  10 polar bears
  A tyrant leech (Lair:2)
  Prince Ribbit (D:5)
  A meliai zombie (D:11)
  8 hippogriffs
  3 raiju (Lair:6)
  4 blink frogs (Lair:5)
  6 dream sheep
  Sigmund (D:5)
  4 wyverns
  3 basilisks
  4 hungry ghosts
  31 yaks
  A steam dragon (D:7)
  7 wargs
  A soldier ant (D:11)
  2 insubstantial wisps (D:7)
  8 water moccasins
  16 hell hounds
  8 orc warriors
  10 porcupines
  5 sky beasts
  A phantom (D:9)
  7 ice beasts
  7 ogres
  12 black bears
  A necrophage (D:8)
  8 centaurs
  15 crocodiles
  16 wolves
  3 big kobolds (D:10)
  11 bullfrogs
  A gnoll sergeant (D:10)
  2 scorpions (D:4)
  15 wights
  5 howler monkeys
  A vampire bat (Lair:6)
  2 jellies
  3 crimson imps
  A centaur zombie (D:9)
  2 bullfrog zombies
  3 hounds
  11 orc priests
  3 centaur skeletons
  3 iguanas
  16 orc wizards
  3 worker ants
  4 hell rats (Lair:6)
  A howler monkey zombie (D:3)
  4 gnolls (D:10)
  5 adders
  3 shadow imps
  2 white imps
  3 oozes
  2 adder skeletons
  5 worms
  12 dart slugs
  3 leopard geckos
  37 orcs
  4 ball pythons
  6 giant cockroaches
  6 goblins
  6 hobgoblins
  8 jackals
  6 kobolds
  3 quokkas
  12 bats
  8 frilled lizards
  2 giant cockroach zombies (D:3)
  2 leopard gecko skeletons
  A quokka skeleton (D:3)
  8 rats
  2 fungi
  A plant (Lair:2)
488 creatures vanquished.

Vanquished Creatures (others)
  A centaur (D:11)
  A hell rat (Lair:6)
  6 fungi
  15 plants
23 creatures vanquished.

Grand Total: 511 creatures vanquished

Notes
Turn   | Place    | Note
-------+----------+-------------------------------------------
     0 | D:1      | Mesmaeker13 the Deep Dwarf Fighter began the quest for the Orb.
     0 | D:1      | Reached XP level 1. HP: 20/20 MP: 1/1
   112 | D:1      | Reached XP level 2. HP: 24/27 MP: 2/2
   312 | D:1      | Reached XP level 3. HP: 28/34 MP: 3/3
   936 | D:2      | Reached XP level 4. HP: 23/42 MP: 4/4
  1793 | D:4      | Reached XP level 5. HP: 41/49 MP: 0/5
  1808 | D:4      | Found a glowing golden altar of the Shining One.
  1913 | D:4      | Reached XP level 6. HP: 37/57 MP: 0/5
  2002 | D:4      | Found a sacrificial altar of Ru.
  2006 | D:4      | Found a radiant altar of Vehumet.
  2107 | D:4      | Reached skill level 5 in Armour
  2134 | D:4      | Found a burning altar of Makhleb.
  2228 | D:4      | Reached skill level 5 in Shields
  2413 | D:4      | Reached XP level 7. HP: 51/64 MP: 0/5
  3124 | D:5      | Entered Level 5 of the Dungeon
  3149 | D:4      | Reached skill level 5 in Axes
  3439 | D:5      | Noticed Sigmund
  3452 | D:5      | Killed Sigmund
  3452 | D:5      | Reached XP level 8. HP: 49/73 MP: 0/6
  3553 | D:5      | Reached skill level 5 in Fighting
  3754 | D:5      | Noticed Prince Ribbit
  3788 | D:5      | Killed Prince Ribbit
  3928 | D:6      | Found Naistysm's Antique Weapon Shoppe.
  4718 | D:7      | Gained mutation: You passively map the area around you. [Deep Dwarf growth]
  4718 | D:7      | Reached XP level 9. HP: 25/82 MP: 0/6
  4851 | D:7      | Found Eganep's Magic Scroll Emporium.
  4881 | D:7      | Bought a scroll of identify for 28 gold pieces
  4881 | D:7      | Bought a scroll of identify for 28 gold pieces
  4881 | D:7      | Bought a scroll of identify for 28 gold pieces
  4922 | D:7      | Found Letsygok's Magic Scroll Emporium.
  4969 | D:7      | Found a staircase to the Ecumenical Temple.
  4984 | Temple   | Entered the Ecumenical Temple
  5008 | Temple   | Became a worshipper of Elyvilon the Healer
  5497 | D:7      | Reached * piety under Elyvilon
  5641 | D:8      | Reached skill level 1 in Invocations
  5706 | D:8      | Found a basalt altar of Yredelemnul.
  5722 | D:8      | Found a staircase to the Lair.
  5786 | D:8      | Found a shadowy altar of Dithmenos.
  5871 | D:8      | Found a snail-covered altar of Cheibriados.
  6112 | D:8      | Reached ** piety under Elyvilon
  6345 | D:8      | Identified a scroll of acquirement
  6381 | D:9      | Reached XP level 10. HP: 57/94 MP: 0/9
  6635 | D:9      | Reached *** piety under Elyvilon
  7121 | D:10     | Entered Level 10 of the Dungeon
  7426 | D:10     | Found a staircase to the Orcish Mines.
  7443 | D:10     | Found a roughly hewn altar of Beogh.
  7654 | D:10     | Reached skill level 5 in Invocations
  7688 | D:10     | Noticed a two-headed hydra
  7695 | D:10     | Killed a one-headed hydra
  7793 | D:10     | Reached XP level 11. HP: 35/103 MP: 11/11
  8294 | D:7      | Bought a scroll of identify for 24 gold pieces
  8294 | D:7      | Bought a scroll of remove curse for 36 gold pieces
  8315 | D:7      | Bought a scroll of remove curse for 42 gold pieces
  8383 | Lair:1   | Entered Level 1 of the Lair of Beasts
  8726 | Lair:1   | Reached **** piety under Elyvilon
  9136 | Lair:2   | Noticed a six-headed hydra
  9151 | Lair:2   | Killed a one-headed hydra
  9151 | Lair:2   | Reached skill level 10 in Armour
  9160 | Lair:2   | Reached skill level 10 in Shields
  9349 | Lair:2   | Found a staircase to the Swamp.
  9658 | Lair:2   | Reached skill level 10 in Axes
 10240 | Lair:3   | Noticed a five-headed hydra
 10252 | Lair:3   | Killed a one-headed hydra
 10267 | Lair:3   | Noticed an eight-headed hydra
 10285 | Lair:3   | Killed a two-headed hydra
 10451 | Lair:3   | Reached XP level 12. HP: 53/114 MP: 13/13
 10496 | Lair:3   | Noticed a seven-headed hydra
 10690 | Lair:3   | Killed a one-headed hydra
 11287 | Lair:4   | Found a hole to the Spider Nest.
 11382 | Lair:4   | Reached skill level 1 in Evocations
 12129 | Lair:5   | Reached skill level 10 in Invocations
 12239 | Lair:5   | Noticed Urug
 12254 | Lair:5   | Killed Urug
 12325 | Lair:5   | Found a staircase to the Slime Pits.
 12325 | Lair:5   | Found a viscous altar of Jiyva.
 12668 | Lair:6   | Entered Level 6 of the Lair of Beasts
 12973 | Lair:6   | Reached XP level 13. HP: 72/123 MP: 5/15
 13103 | Lair:6   | Reached skill level 10 in Fighting
 13173 | Lair:6   | Noticed Rupert
 13173 | Lair:6   | Reached skill level 5 in Evocations
 13179 | Lair:6   | HP: 6/123 [Rupert/great mace of holy wrath (35)]
 13548 | Lair:6   | Killed Rupert
 15097 | Orc:1    | Entered Level 1 of the Orcish Mines
 15269 | Orc:1    | Gained mutation: You resist negative energy. (rN+) [Deep Dwarf growth]
 15269 | Orc:1    | Reached XP level 14. HP: 46/133 MP: 5/16
 15708 | Orc:1    | Slain by an orc warrior

Skill      XL: |  1  2  3  4  5  6  7  8  9 10 11 12 13 |
---------------+----------------------------------------+-----
Fighting       | 3 4 5 7 9 10 | 10.6
Axes           | 3 4 5 7 8 9 10 11 12 | 12.3
Armour         | 4 5 6 7 8 9 10 11 12 | 12.5
Shields        | 4 5 7 8 9 10 11 12 | 12.3
Invocations    | 2 6 8 10 12 | 12.2
Evocations     | 4 7 |  7.4

Action                   |  1- 3 |  4- 6 |  7- 9 | 10-12 | 13-15 || total
-------------------------+-------+-------+-------+-------+-------++-------
Melee: War axe           |   125 |   188 |   397 |   604 |       ||  1314
       Hand axe          |       |       |       |   259 |    17 ||   276
       Broad axe         |       |       |       |    59 |   524 ||   583
Throw: Tomahawk          |       |       |     1 |     1 |       ||     2
       Throwing net      |       |       |       |     1 |       ||     1
Invok: Lesser Healing    |       |       |       |     9 |     7 ||    16
       Greater Healing   |       |       |       |    15 |    10 ||    25
       Purification      |       |       |       |     1 |     1 ||     2
       Divine Protection |       |       |       |       |     1 ||     1
 Abil: Heal Wounds       |       |     5 |    11 |     7 |    14 ||    37
Evoke: Wand              |       |       |     5 |     6 |     3 ||    14
  Use: Scroll            |     3 |     3 |    14 |     8 |     4 ||    32
       Potion            |       |       |     1 |       |     4 ||     5
 Stab: Confused          |       |       |     3 |       |       ||     3
       Paralysed         |       |       |       |     3 |     4 ||     7
  Eat: Chunk             |       |     6 |    11 |    21 |    17 ||    55
       Fruit             |       |       |     7 |     4 |       ||    11
       Bread ration      |       |       |     1 |     1 |       ||     2
Armor: Scale mail        |    63 |    80 |     4 |       |       ||   147
       Plate armour      |       |       |   229 |   337 |   261 ||   827
Dodge: Dodged            |    54 |    51 |    65 |   155 |   131 ||   456
Block: Shield            |    84 |    81 |   196 |   721 |   619 ||  1701
       Reflection        |       |       |       |     4 |     8 ||    12
